 Dungeon Crawl Stone Soup version 0.30-a0-374-g95c0257040 (webtiles) character file.

Game seed: 13133254423264807435

41 McGhostyFace the Twirler (level 3, -7/28 HPs)
             Began as a Gnoll Wanderer on Nov 25, 2022.
             Mangled by an iguana (12 damage)
             ... on level 2 of the Dungeon.
             The game lasted 00:02:40 (1407 turns).

McGhostyFace the Twirler (Gnoll Wanderer)           Turns: 1407, Time: 00:02:40

Health: -7/28      AC:  6    Str: 19    XL:     3   Next: 52%
Magic:  6/7        EV: 12    Int: 12    God:
Gold:   81         SH:  0    Dex: 10    Spells: 3/7 levels left

rFire   . . .      SeeInvis .    a - +2 quarterstaff
rCold   . . .      Faith    .    (shield currently unavailable)
rNeg    . . .      Spirit   .    d - +0 leather armour
rPois   .          Reflect  .    (no helmet)
rElec   .          Harm     .    l - +1 cloak
rCorr   +          Rampage  .    (no gloves)
Will    .....                    i - +0 pair of boots
Stlth   +.........               (no amulet)
HPRegen 0.24/turn                m - ring of resist corrosion
MPRegen 0.10/turn                o - +6 ring of strength

@: no status effects
A: fangs 1, strong nose, distributed training
a: no special abilities


You were on level 2 of the Dungeon.
You visited 1 branch of the dungeon, and saw 2 of its levels.

You collected 81 gold pieces.

Inventory:

Hand Weapons
 a - a +2 quarterstaff (weapon)
Missiles
 j - 5 poisoned darts
Armour
 d - a +0 leather armour (worn)
 i - a +0 pair of boots (worn)
 l - a +1 cloak (worn)
Jewellery
 m - a ring of resist corrosion (left hand)
 o - a +6 ring of strength (right hand)
Wands
 b - a wand of flame (4)
Scrolls
 c - a scroll of blinking
 e - 3 scrolls of enchant armour {unknown}
 f - a scroll of teleportation {unknown}
 h - 3 scrolls of identify {unknown}
 k - a scroll of amnesia {unknown}
 n - a scroll of magic mapping {unknown}
Potions
 p - a potion of invisibility {unknown}


   Skills:
 + Level 2.6 Fighting
 + Level 0.9 Short Blades
 + Level 0.9 Long Blades
 + Level 0.9 Axes
 + Level 0.9 Maces & Flails
 + Level 0.9 Polearms
 + Level 6.5 Staves
 + Level 0.9 Ranged Weapons
 + Level 0.9 Throwing
 + Level 0.9 Armour
 + Level 2.6 Dodging
 + Level 0.9 Stealth
 + Level 0.9 Shields
 + Level 0.9 Unarmed Combat
 + Level 2.8 Spellcasting
 + Level 0.6 Conjurations
 + Level 0.6 Hexes
 + Level 0.6 Summonings
 + Level 0.6 Necromancy
 + Level 0.6 Translocations
 + Level 0.6 Transmutations
 + Level 0.6 Fire Magic
 + Level 0.6 Ice Magic
 + Level 0.6 Air Magic
 + Level 3.8 Earth Magic
 + Level 0.6 Poison Magic
 + Level 1.0 Invocations
 + Level 4.5 Evocations


You had 3 spell levels left.
You knew the following spells:

 Your Spells              Type           Power      Damage    Failure   Level
a - Sandblast             Erth           20%        2d7       6%          1
b - Stone Arrow           Conj/Erth      14%        3d7       34%         3

Your spell library contained the following spells:

 Spells                   Type           Power      Damage    Failure   Level
 Blade Hands              Tmut           1%         N/A       99%         5
 Irradiate                Conj/Tmut      1%         3d12      99%         5
 Dragon Form              Tmut           1%         N/A       100%        7


Dungeon Overview and Level Annotations

Branches:
Dungeon (2/15)

Altars:


Innate Abilities, Weirdness & Mutations

You have very sharp teeth.
Your uncanny sense of smell can sniff out nearby items.
Your experience applies equally to all skills.


Message History

An iguana comes into view.
The iguana hisses angrily.
The iguana hisses menacingly.
An iguana is nearby!
An iguana is nearby!
The iguana closely misses you.
You barely miss the iguana. The iguana barely misses you.
You hit the iguana but do no damage.
The iguana bites you but does no damage.
You closely miss the iguana. The iguana bites you!
You closely miss the iguana. The iguana bites you.
You hit the iguana.
The iguana is lightly wounded.
The iguana bites you.
You are too injured to fight recklessly!
You are too injured to fight recklessly!
The iguana attacks as you move away! The iguana barely misses you.
The iguana attacks as you move away! The iguana closely misses you.
The iguana attacks as you move away! The iguana bites you.
Found a scroll labelled TAESUIRAM.
The iguana attacks as you move away! The iguana bites you.
* * * LOW HITPOINT WARNING * * *
The iguana attacks as you move away! The iguana bites you.
* * * LOW HITPOINT WARNING * * *
Cast which spell? (? or * to list)
Aiming: Sandblast (safe; 6% risk of failure)
Press: ? - help, Shift-Dir - straight line, f - iguana
Aim: an iguana (lightly wounded, 84% to hit)
The blast of sand hits the iguana but does no damage.
The iguana is lightly wounded.
The iguana bites you.
* * * LOW HITPOINT WARNING * * *
The iguana bites you but does no damage.
It was a potion of curing.
You feel better. The iguana closely misses you.
The iguana attacks as you move away! The iguana barely misses you.
The iguana attacks as you move away! The iguana completely misses you.
The iguana attacks as you move away! The iguana bites you!
* * * LOW HITPOINT WARNING * * *
The iguana attacks as you move away! The iguana bites you!
You die...

.....##....# #.# #.######.
...........######.## #......'.
.....###.......##..# ##########.
####.....########..## #.........)
#.....#......#...###.######...
#..........?.#.#..##......'...
####............#.##...#######...
....####........#.............<..
#........#.....l@................
#........#......######..####.#...
#.....^..#......# ##..###.#...
#..†.....#.###### ##.....#...
#.....(..#.# ####..#...
#........#.. ###..#...
###'######. #.†.....# ###.###
#...)...> ......# #...<.#..


You could see an iguana.

Vanquished Creatures
  A worm (D:2)
  6 ball pythons
  An endoplasm (D:2)
  2 giant cockroaches (D:1)
  5 hobgoblins
  2 jackals (D:1)
  2 quokkas (D:2)
  4 bats
  3 frilled lizards (D:1)
  3 goblins (D:2)
  A kobold (D:2)
  5 rats
35 creatures vanquished.

Notes
Turn   | Place    | Note
-------+----------+-------------------------------------------
     0 | D:1      | McGhostyFace the Gnoll Wanderer began the quest for the
                  | Orb.
     0 | D:1      | McGhostyFace set off with the following items: a +2
                  | quarterstaff, a wand of flame (4), a scroll of blinking, a
                  | +0 leather armour; and the following spell memorised:
                  | Sandblast; and the following spells available to memorise:
                  | Stone Arrow.
     0 | D:1      | Reached XP level 1. HP: 17/17 MP: 4/4
   334 | D:1      | Reached XP level 2. HP: 21/23 MP: 5/5
   997 | D:2      | Reached XP level 3. HP: 24/28 MP: 7/7
  1199 | D:2      | Learned a level 3 spell: Stone Arrow
  1234 | D:2      | Reached skill level 1 in Invocations
  1407 | D:2      | Mangled by an iguana

Illustrated notes

Levels and vault maps discovered:
D:1:      kilobyte_arrival_exit_the_forest, layout_rooms, nicolae_eternal_life
D:2:      layout_basic, chequers_arboretum, minmay_tetromino_i2

Skill      XL: |  1  2  3 |
---------------+----------+-----
Invocations    | 1 |  1.0
Fighting       | |  2.6
Short Blades   | |  0.9
Long Blades    | |  0.9
Axes           | |  0.9
Maces & Flails | |  0.9
Polearms       | |  0.9
Staves         | |  6.5
Ranged Weapons | |  0.9
Throwing       | |  0.9
Armour         | |  0.9
Dodging        | |  2.6
Stealth        | |  0.9
Shields        | |  0.9
Unarmed Combat | |  0.9
Spellcasting   | |  2.8
Conjurations   | |  0.6
Hexes          | |  0.6
Summonings     | |  0.6
Necromancy     | |  0.6
Translocations | |  0.6
Transmutations | |  0.6
Fire Magic     | |  0.6
Ice Magic      | |  0.6
Air Magic      | |  0.6
Earth Magic    | |  3.8
Poison Magic   | |  0.6
Evocations     | |  4.5

Action                   || total
-------------------------++-------
Melee: Quarterstaff      ||   106
       Bite              ||     9
 Cast: Sandblast         ||     1
  Use: Potion            ||     1
Armor: Leather armour    ||    32
Dodge: Dodged            ||    65

Table legend: (Time is in decaauts)
 A = Elapsed time spent in this place.
 B = Non-inter-level travel time spent in this place.
 C = Inter-level travel time spent in this place.
 D = Time resting spent in this place.
 E = Time spent auto-exploring this place.
 F = Levels seen in this place.
 G = Mean time per level.
                   A        B        C        D        E       F      G
               +--------+--------+--------+--------+--------+-----+--------+
         Total |   1410 |   1370 |     40 |    162 |    900 |   2 |  705.0 |
       Dungeon |   1410 |   1370 |     40 |    162 |    900 |   2 |  705.0 |
               +--------+--------+--------+--------+--------+-----+--------+

Top non-repeatable levels by time:
     D:1: 905 daAuts
     D:2: 504 daAuts
